 Dungeon Crawl Stone Soup version 0.31.0-9-g3a7656b989 (webtiles) character file.

Game seed: 4910318231355759230

478 qw the Skirmisher (level 6, -2/35 HPs)
             Began as a Deep Elf Hunter on Feb 2, 2024.
             Slain by a goblin
             ... wielding a +0 club
              (3 damage)
             ... on level 4 of the Dungeon.
             The game lasted 00:00:11 (2661 turns).

qw the Skirmisher (Deep Elf Hunter)                 Turns: 2661, Time: 00:00:11

Health: -2/35      AC:  6    Str: 10    XL:     6   Next: 85%
Magic:  8/8        EV: 11    Int: 14    God:
Gold:   121        SH:  0    Dex: 18    Spells: 5/5 levels left

rFire   . . .        a - +1 shortbow
rCold   . . .        (shield currently unavailable)
rNeg    . . .        k - +0 ring mail
rPois   .            e - +0 helmet
rElec   .            (no cloak)
rCorr   .            (no gloves)
SInv    .            (no boots)
Will    .....        (no amulet)
Stlth   +            (no ring)
HPRegen 0.25/turn    (no ring)
MPRegen 0.11/turn

%: no passive effects
@: lethally poisoned (-2 -> -13), about to teleport
A: no striking features
a: no special abilities


You were on level 4 of the Dungeon.
You visited 1 branch of the dungeon, and saw 4 of its levels.

You collected 121 gold pieces.


   Skills:
 - Level 2.2 Fighting
 - Level 10.3 Ranged Weapons
 + Level 2.9 Dodging
 - Level 1.2 Stealth


You had 5 spell levels left.
You didn't know any spells.
Your spell library was empty.

Inventory:

Hand Weapons
 a - a +1 shortbow (weapon)
Armour
 e - a +0 helmet (worn)
 k - a +0 ring mail (worn)
Scrolls
 b - a scroll of blinking {unknown}
 f - 2 scrolls of teleportation
Potions
 d - a potion of cancellation

Dungeon Overview and Level Annotations

Branches:
Dungeon (4/15)
 Temple: D:4-7

Altars:
Trog


Message History

You are poisoned.
The scorpion poisons you! The goblin hits you but does no damage.
The goblin misses you.
You shoot an arrow. The arrow barely misses the scorpion.
You feel sick. The scorpion barely misses you. The goblin misses you.
The goblin hits you but does no damage.
You shoot an arrow. The arrow closely misses the scorpion.
You feel sick. The scorpion barely misses you.
The goblin hits you but does no damage. x2
You shoot an arrow. The arrow hits the scorpion.
The scorpion is lightly wounded.
You feel sick. The scorpion barely misses you.
The goblin hits you but does no damage. x2; The scorpion barely misses you.
You shoot an arrow. The arrow hits the scorpion.
The scorpion is lightly wounded.
You feel sick. The goblin barely misses you. x2
The scorpion barely misses you.
You shoot an arrow. The arrow barely misses the scorpion.
You feel sick. The scorpion stings you.
You are more poisoned.
The scorpion poisons you! The goblin hits you with a +0 club.
The goblin hits you but does no damage.
You shoot an arrow. The arrow hits the scorpion.
The scorpion is moderately wounded.
You feel very sick. The scorpion stings you.
You are lethally poisoned!
The scorpion poisons you! The goblin hits you with a +0 club.
The goblin misses you.
You shoot an arrow. The arrow hits the scorpion!
The scorpion is severely wounded.
You feel very sick.
The scorpion stings you but does no damage.
The goblin barely misses you. x2; The scorpion stings you.
2661 ||| READING 3 scrolls of teleportation.
As you read the scroll of teleportation, it crumbles to dust.
You feel strangely unstable.
You feel very sick. The goblin hits you with a +0 club.
You die...

#...........
#.<.......## .7..$..
#..........# .......
#..........# ...>...
#..........# .......
#.%........# .......
#%.).......# .......
#.........#####s....#.
#...).........@g......
#...........###g##.###
###............:..#
..#.............###
..#.............#
................#
...##...).......#
.......)........#
..###..............


You could see a scorpion and 2 goblins.

Vanquished Creatures
  Sigmund (D:2)
  Menkaure (D:4)
  A hound (D:4)
  An iguana (D:4)
  2 orc wizards (D:3)
  2 adders (D:3)
  A ribbon worm (D:3)
  4 dart slugs
  4 orcs
  4 bats
  8 endoplasms
  A giant cockroach (D:1)
  8 goblins
  4 hobgoblins
  4 jackals (D:1)
  7 kobolds
  4 quokkas
  7 ball pythons
  2 frilled lizards
  5 rats
71 creatures vanquished.

Notes
Turn   | Place    | Note
-------+----------+-------------------------------------------
     0 | D:1      | qw the Deep Elf Hunter began the quest for the Orb.
     0 | D:1      | Reached XP level 1. HP: 12/12 MP: 3/3
     0 | D:1      | 0 ||| qw: Version: 0.3-a-155-g5e7d8dd
     0 | D:1      | 0 ||| qw: Game counter: 1975
     0 | D:1      | 0 ||| qw: Melee chars always use a shield: true
     0 | D:1      | 0 ||| qw: God list: Okawaru
     0 | D:1      | 0 ||| qw: Allow faded altars: false
     0 | D:1      | 0 ||| qw: Do Orc after clearing Dungeon:15 true
     0 | D:1      | 0 ||| qw: Do second Lair branch before Depths: true
     0 | D:1      | 0 ||| qw: Lair rune preference: random
     0 | D:1      | 0 ||| qw: Goals: Normal
     0 | D:1      | 0 ||| PLANNING D:1-11
    83 | D:1      | Reached skill level 6 in Ranged Weapons
    83 | D:1      | Reached XP level 2. HP: 14/16 MP: 4/4
   572 | D:1      | Reached XP level 3. HP: 20/20 MP: 5/5
   999 | D:1      | 999 ||| UPGRADING to +0 ring mail.
  1009 | D:1      | 1009 ||| DROPPING +0 leather armour.
  1010 | D:1      | 1010 ||| READING scroll labelled IDUSOSK TUACS.
  1111 | D:1      | 1111 ||| READING scroll labelled BOBECK OLU WISHO.
  1112 | D:1      | 1112 ||| READING scroll labelled UQOWAU KUNYOL.
  1113 | D:1      | 1113 ||| READING 4 scrolls labelled YBACRA ZEUCW.
  1113 | D:1      | 1113 ||| IDENTIFYING sapphire potion
  1114 | D:1      | 1114 ||| READING 3 scrolls of identify.
  1114 | D:1      | 1114 ||| IDENTIFYING fizzy brown potion
  1115 | D:1      | 1115 ||| READING 2 scrolls of identify.
  1115 | D:1      | 1115 ||| IDENTIFYING inky potion
  1116 | D:1      | 1116 ||| READING scroll of identify.
  1116 | D:1      | 1116 ||| IDENTIFYING fuming yellow potion
  1117 | D:1      | 1117 ||| READING scroll labelled VAJIJY ONASEK.
  1117 | D:1      | 1117 ||| ENCHANTING +0 shortbow.
  1118 | D:1      | 1118 ||| DROPPING scroll of butterflies.
  1119 | D:1      | 1119 ||| DROPPING potion of berserk rage.
  1120 | D:1      | 1120 ||| DROPPING potion of ambrosia.
  1121 | D:1      | 1121 ||| DROPPING potion of attraction.
  1123 | D:1      | 1123 ||| Stepping ~*~*~tactically~*~*~ (cloud).
  1353 | D:2      | 1353 ||| FLEEEEING.
  1358 | D:2      | Reached skill level 7 in Ranged Weapons
  1527 | D:2      | Noticed Sigmund
  1528 | D:2      | 1528 ||| DRINKING potion of haste.
  1534 | D:2      | Killed Sigmund
  1535 | D:2      | Reached skill level 9 in Ranged Weapons
  1535 | D:2      | Reached XP level 4. HP: 22/25 MP: 6/6
  1535 | D:2      | Reached XP level 5. HP: 26/29 MP: 7/7
  1934 | D:2      | 1934 ||| UPGRADING to +0 helmet.
  1939 | D:2      | 1939 ||| READING 2 scrolls of identify.
  1939 | D:2      | 1939 ||| IDENTIFYING pink potion
  1940 | D:2      | 1940 ||| READING scroll of identify.
  1940 | D:2      | 1940 ||| IDENTIFYING scroll labelled TAZAMI MIDEAF
  1941 | D:2      | 1941 ||| READING scroll labelled SECVIE BARUIFO.
  1942 | D:2      | 1942 ||| READING 2 scrolls labelled OGAZAF WOISH.
  1945 | D:2      | 1945 ||| DROPPING scroll of fog.
  1946 | D:2      | 1946 ||| DROPPING potion of lignification.
  2160 | D:3      | Reached XP level 6. HP: 25/35 MP: 8/8
  2266 | D:3      | Found a bloodstained altar of Trog.
  2378 | D:3      | Found a faded altar of an unknown god.
  2548 | D:3      | 2548 ||| READING 2 scrolls of identify.
  2548 | D:3      | 2548 ||| IDENTIFYING sedimented silvery potion
  2549 | D:3      | 2549 ||| READING scroll of identify.
  2549 | D:3      | 2549 ||| IDENTIFYING scroll labelled VUECZI MATWOSO
  2550 | D:3      | 2550 ||| DROPPING scroll of immolation.
  2595 | D:4      | Noticed Menkaure
  2605 | D:4      | Killed Menkaure
  2606 | D:4      | Reached skill level 10 in Ranged Weapons
  2660 | D:4      | HP: 4/35 [scorpion (6)]
  2661 | D:4      | 2661 ||| READING 3 scrolls of teleportation.
  2661 | D:4      | HP: 1/35 [poisoned by a scorpion]
  2661 | D:4      | Slain by a goblin

Levels and vault maps discovered:
D:1:      evilmike_arrival_home_sweet_home, layout_loops_ring, serial_rivers,
          chequers_serial_rivers_large_a, chequers_serial_rivers_large_b,
          chequers_serial_rivers_micro_b, chequers_serial_rivers_small_b,
          chequers_serial_rivers_micro_c, chequers_serial_rivers_micro_a,
          hangedman_abyss_or_decor_lesser_grid
D:2:      layout_loops_ring, nicolae_concentric_dashed_squares_wild,
          lightli_corner_chamber, uniq_sigmund
D:3:      layout_loops_ring, nicolae_overflow_hidden_temple,
          basic_ecumenical_altar
D:4:      layout_rooms, overflow_temple_1_default, serial_shops,
          nicolae_shop_trees, uniq_menkaure

Skill      XL: |  1  2  3  4  5  6 |
---------------+-------------------+-----
Ranged Weapons | 6 9 10 | 10.3
Fighting       | 2 |  2.2
Dodging        | |  2.9
Stealth        | |  1.2

Action                     |  1- 3 |  4- 6 || total
---------------------------+-------+-------++-------
   Fire: Shortbow          |   124 |    91 ||   215
    Use: Scroll            |     8 |     7 ||    15
         Potion            |     1 |       ||     1
 Armour: Leather armour    |    31 |       ||    31
         Ring mail         |     5 |    46 ||    51
  Dodge: Dodged            |    40 |    36 ||    76

Table legend:
 A = Non-vault XP
 B = Vault XP
 C = Vault XP percentage of total XP
 D = Non-vault monster count
 E = Vault monster count
 F = Vault count percentage of total count
                 A         B        C        D         E       F
            +---------+---------+-------+---------+---------+-------
      Total |     297 |     386 |  56.5 |      69 |       2 |   2.8
            +---------+---------+-------+---------+---------+-------
        D:1 |      50 |       0 |   0.0 |      27 |       0 |   0.0
        D:2 |      35 |     214 |  85.9 |      18 |       1 |   5.3
        D:3 |     126 |       0 |   0.0 |      17 |       0 |   0.0
        D:4 |      86 |     172 |  66.7 |       7 |       1 |  12.5
            +---------+---------+-------+---------+---------+-------
